Map: Bridgehead LE (Void)

Players

MoonLjth

  • Race: Protoss Protoss
  • League: Platinum

iQuitBYE

  • Race: Protoss Protoss
  • League: Grandmaster

RinpanaLove - Winner!

  • Race: Terran Terran
  • League: Grandmaster

Dawn - Winner!

  • Race: Terran Terran
  • League: Platinum

VOD

Have the link to the VOD?

Description

Time

  • Played on: Oct. 3, 2015, 1:49 p.m.
  • Length: 15:29
Show
View Real Time Build Order
Export as new Build Order

MoonLjth Protoss 

Build Orders: 1 Gate Expand, Double Forge 

Get SALT Encoding   

  12  0:01  Probe (Chrono Boost)  
  13  0:14  Pylon  
  13  0:18  Probe (Chrono Boost)  
  15  0:28  Probe (Chrono Boost)  
  15  0:35  Gateway  
  15  0:39  Probe (Chrono Boost)  
  16  0:44  Assimilator  
  16  0:49  Probe (Chrono Boost)  
  17  1:00  Probe (Chrono Boost)  
  18  1:22  Nexus  
  18  1:23  Probe (Chrono Boost)  
  19  1:36  Cybernetics Core, Probe (Chrono Boost)  
  20  1:42  Assimilator  
  20  1:47  Probe (Chrono Boost)  
  21  1:55  Pylon  
  21  1:58  Probe (Chrono Boost)  
  23  2:08  Probe (Chrono Boost)  
  23  2:13  Warp Gate (Chrono Boost)  
  23  2:19  Mothership Core (Chrono Boost)  
  25  2:28  Robotics Facility  
  25  2:37  Probe (Chrono Boost)  
  26  2:48  Probe (Chrono Boost)  
  26  2:50  Probe (Chrono Boost)  
  29  2:58  Probe (Chrono Boost)  
  29  3:00  Probe (Chrono Boost), Adept (Chrono Boost)  
  29  3:03  Twilight Council  
  32  3:09  Probe (Chrono Boost)  
  32  3:10  Probe (Chrono Boost)  
  34  3:15  Warp Prism  
  36  3:20  Probe  
  36  3:26  Adept (Chrono Boost)  
  39  3:30  Probe  
  40  3:34  Pylon  
  40  3:35  Probe  
  40  3:36  Resonating Glaives (Chrono Boost)  
  40  3:41  Probe  
  41  3:42  Gateway  
  42  3:50  Probe  
  43  3:55  Probe  
  43  4:02  Probe  
  45  4:04  Observer  
  45  4:06  Probe  
  47  4:14  Probe (Chrono Boost)  
  48  4:21  Probe (Chrono Boost)  
  49  4:25  Assimilator  
  49  4:26  Probe (Chrono Boost)  
  49  4:27  Pylon  
  49  4:28  Assimilator  
  50  4:34  Probe (Chrono Boost)  
  51  4:40  Probe (Chrono Boost)  
  53  4:46  Probe (Chrono Boost)  
  53  4:50  Probe (Chrono Boost)  
  54  4:55  Observer, Forge  
  54  4:57  Forge  
  54  4:58  Probe (Chrono Boost)  
  56  5:01  Probe (Chrono Boost)  
  57  5:07  Pylon  
  57  5:08  Adept x2  
  57  5:09  Nexus, Pylon  
  57  5:10  Probe (Chrono Boost)  
  62  5:17  Probe (Chrono Boost)  
  60  5:22  Probe (Chrono Boost)  
  60  5:27  Probe (Chrono Boost), Blink (Chrono Boost)  
  57  5:28  Pylon  
  57  5:30  Protoss Ground Weapons Level 1 (Chrono Boost)  
  57  5:31  Gateway  
  57  5:32  Protoss Ground Armor Level 1 (Chrono Boost)  
  57  5:33  Probe (Chrono Boost), Gateway  
  58  5:43  Pylon x2  
  58  5:54  Gateway  
  58  5:55  Adept x2  
  62  6:05  Pylon  
  62  6:06  Pylon  
  62  6:11  Pylon  
  62  6:24  Probe x2  
  62  6:25  Probe  
  60  6:29  Stalker  
  60  6:30  Stalker  
  65  6:36  Probe, Photon Cannon  
  65  6:38  Stalker x2  
  70  6:40  Probe, Photon Cannon  
  70  6:41  Probe  
  70  6:42  Photon Cannon  
  72  6:54  Probe  
  72  6:57  Adept x3  
  72  7:00  Adept  
  81  7:04  Probe  
  82  7:11  Photon Cannon  
  82  7:12  Adept  
  84  7:18  Adept x4  
  92  7:37  Adept x3  
  92  7:39  Probe  
  92  7:40  Probe, Assimilator  
  92  7:41  Probe  
  101  7:44  Assimilator  
  101  7:51  Probe  
  98  7:55  Adept x4  
  98  7:57  Immortal  
  97  8:16  Nexus  
  97  8:24  Nexus  
  97  8:27  Adept x2  
  97  8:29  Templar Archives  
  97  8:42  Templar Archives  
  97  8:44  Stalker x2  
  101  9:01  Adept  
  101  9:07  Pylon  
  99  9:20  Pylon  
  99  9:23  Stalker, Pylon  
  101  9:25  Pylon  
  101  9:29  High Templar x2  
  101  9:30  Pylon, High Templar x2  
  110  9:33  Pylon  
  110  9:36  Archon  
  104  9:46  High Templar  
  104  9:52  Robotics Facility  
  106  9:53  Gateway  
  106  9:54  Gateway  
  106  9:57  Gateway, Probe  
  106  9:58  Probe x2, Gateway  
  106  9:59  Pylon  
  109  10:03  Adept x2  
  109  10:04  Adept  
  109  10:06  Adept  
  115  10:10  Probe  
  116  10:24  Nexus  
  116  10:25  High Templar x3  
  116  10:27  Archon  
  122  10:30  High Templar  
  124  10:41  Archon  
  124  10:48  Probe  
  124  10:49  Probe  
  124  10:50  Psionic Storm  
  124  10:51  Pylon  
  124  10:58  Probe  
  123  11:05  Probe  
  124  11:11  Adept  
  124  11:12  Adept x2  
  124  11:13  Adept x3  
  124  11:16  High Templar  
  138  11:21  Probe  
  139  11:27  Pylon  
  139  11:29  Pylon  
  139  11:30  High Templar  
  141  11:36  Pylon  
  141  11:38  High Templar x2  
  141  11:39  High Templar x3  
  151  11:44  Adept  
  150  11:55  Adept  
  145  12:10  Adept x3  
  139  12:21  Archon  
  139  12:22  Archon  
  125  12:25  Adept x2  
  114  12:37  Pylon  
  114  12:43  Stalker x3  
  115  12:55  Pylon  
  115  12:57  Pylon  
  99  13:09  Adept  
  99  13:10  Adept x4  
  93  13:27  Adept x2  
  91  13:39  Adept  
  78  13:44  High Templar  
Show
View Real Time Build Order
Export as new Build Order

iQuitBYE Protoss 

Build Orders:  

Get SALT Encoding   

  12  0:02  SCV  
  13  0:14  SCV  
  14  0:19  Supply Depot  
  14  0:26  SCV  
  14  0:28  Refinery  
  15  0:43  Barracks  
  15  0:46  SCV  
  16  0:58  SCV  
  17  1:10  SCV  
  18  1:31  Orbital Command  
  18  1:34  Reaper  
  19  1:47  Command Center  
  19  1:58  SCV  
  20  2:07  Barracks Tech Lab  
  20  2:09  Supply Depot  
  20  2:10  SCV  
  20  2:15  Barracks  
  21  2:19  Barracks  
  21  2:23  SCV  
  22  2:31  Marine  
  22  2:32  Stimpack  
  22  2:35  SCV  
  23  2:48  SCV  
  24  2:52  Supply Depot  
  24  2:56  Marauder  
  26  2:59  Orbital Command  
  26  3:00  SCV  
  26  3:04  Barracks Reactor  
  27  3:08  Marine  
  28  3:13  SCV  
  29  3:20  Marauder  
  29  3:26  SCV x2, Marine  
  34  3:31  Engineering Bay  
  34  3:39  SCV  
  35  3:42  Marauder  
  35  3:43  Marine x2  
  35  3:44  Refinery, Marine  
  35  3:46  SCV  
  41  3:51  SCV  
  42  3:58  SCV  
  42  4:00  Marine  
  42  4:01  Marine  
  42  4:02  Marine  
  46  4:03  SCV, Marauder  
  46  4:09  Missile Turret  
  49  4:10  SCV  
  49  4:15  SCV  
  51  4:17  Missile Turret  
  51  4:20  Factory  
  51  4:21  Supply Depot  
  51  4:23  SCV  
  52  4:27  Marine x2  
  52  4:28  Orbital Command  
  52  4:31  Marine  
  54  4:33  Marine  
  53  4:44  Marine  
  53  4:49  Marauder  
  55  4:54  SCV x2  
  55  4:55  Combat Shields  
  57  5:04  Supply Depot  
  57  5:06  SCV  
  58  5:07  Starport, Factory Reactor  
  58  5:09  Marine x2  
  59  5:16  Refinery  
  59  5:20  SCV  
  58  5:26  Missile Turret  
  55  5:30  SCV, Marine x2  
  55  5:32  SCV  
  59  5:40  Marine  
  59  5:41  Marine  
  59  5:42  SCV  
  62  5:44  SCV  
  62  5:48  Supply Depot  
  63  5:54  SCV  
  63  5:57  SCV, Medivac x2  
  65  6:00  Terran Infantry Weapons Level 1  
  69  6:08  SCV  
  69  6:10  SCV  
  71  6:11  Barracks Tech Lab  
  71  6:15  Refinery, Marine  
  71  6:16  Marauder  
  72  6:20  Supply Depot  
  72  6:22  SCV  
  72  6:30  Marine  
  72  6:31  Marauder  
  75  6:34  Marine  
  75  6:35  Medivac  
  78  6:42  SCV x2, Marauder, Medivac  
  78  6:43  Supply Depot  
  84  6:50  Marine  
  84  6:51  Marine  
  86  6:58  Barracks  
  86  7:02  Barracks  
  86  7:05  SCV x2, Marauder  
  86  7:06  Supply Depot  
  90  7:09  Supply Depot  
  90  7:11  Medivac  
  90  7:14  Medivac  
  94  7:27  Marine x2  
  94  7:28  SCV, Marauder  
  98  7:30  SCV  
  90  7:40  SCV  
  90  7:43  SCV  
  75  7:52  SCV  
  75  7:53  Barracks Tech Lab  
  75  7:54  Terran Infantry Armor Level 1, Marine x4  
  75  7:55  SCV  
  81  8:04  SCV  
  76  8:07  SCV  
  73  8:13  Marauder  
  73  8:14  Viking  
  73  8:15  Viking  
  73  8:16  SCV  
  73  8:19  SCV  
  79  8:23  Barracks Reactor  
  79  8:28  SCV  
  79  8:31  SCV  
  81  8:37  Marine x2  
  81  8:38  Marauder  
  81  8:40  SCV  
  82  8:42  Marine x2  
  82  8:43  SCV  
  84  8:53  Missile Turret  
  84  8:55  Marine x2  
  86  8:59  Marauder  
  86  9:00  Marauder  
  86  9:01  Marine x2  
  92  9:03  Marauder  
  92  9:15  Marine x2  
  93  9:18  Command Center  
  93  9:19  Marine  
  93  9:20  Marine  
  95  9:28  Marine  
  95  9:29  Marauder  
  98  9:33  Armory  
  98  9:34  Marine  
  98  9:37  SCV  
  98  9:45  SCV  
  99  9:49  SCV  
  100  9:55  Ghost Academy, Marine x2  
  100  9:56  Marauder x2  
  106  10:03  SCV x2  
  108  10:10  Marine x2  
  110  10:15  Marauder, Marine  
  110  10:16  Medivac  
  110  10:18  Marauder  
  107  10:22  Marine  
  107  10:23  Marauder  
  110  10:30  Marine  
  110  10:34  Personal Cloaking  
  111  10:36  Marauder  
  111  10:42  Marauder, Marine  
  114  10:48  Orbital Command  
  114  10:51  Barracks  
  114  10:53  Marine x2  
  116  10:58  Marine x2  
  116  11:03  Terran Infantry Weapons Level 2  
  118  11:19  Marine x2  
  118  11:20  Marauder x3  
  118  11:22  Medivac  
  118  11:24  SCV  
  129  11:28  Marine x2  
  131  11:37  Marine x2  
  133  11:41  Marine  
  133  11:42  Marauder  
  136  11:52  Marine  
  136  11:53  Marine  
  132  11:54  Barracks Tech Lab  
  132  11:55  SCV  
  132  11:57  Ghost  
  132  11:58  Ghost  
  136  12:08  Marauder, Marine  
  138  12:14  Marauder, Marine x2  
  130  12:16  Marine  
  126  12:25  Marine  
  126  12:26  Marauder  
  126  12:28  Marauder  
  126  12:29  Marine  
  116  12:31  Marine x2  
  116  12:36  Marauder  
  111  12:38  Marine  
  112  12:46  Marine  
  112  12:47  Marauder x2  
  112  12:49  Marine  
  118  12:51  Barracks  
  118  12:54  Refinery x2  
  118  12:56  Marine  
  118  12:57  Marauder, Marine  
  112  13:12  Marine x2  
  105  13:21  Marauder x2, Marine x2  
  107  13:30  Marine x2  
  107  13:31  Marauder  
  42  14:50  Orbital Command  
Show
View Real Time Build Order
Export as new Build Order

RinpanaLove Terran - Winner!

Build Orders:  

Get SALT Encoding   

Show
View Real Time Build Order
Export as new Build Order

Dawn Terran - Winner!

Build Orders:  

Get SALT Encoding   

Tags
 
Add a new tag
Caveats
  • Supply blocks, unpowered buildings, or Contaminate may cause inaccurate times.
  • Supply counts are checked every 10 seconds.